 Dungeon Crawl Stone Soup version 0.30-a0-4-ga7cffc901d (webtiles) character file.

Game seed: 1448554630301300102

211 drugrobin the Cutter (level 5, -4/44 HPs)
             Began as a Demigod Delver on Aug 21, 2022.
             Succumbed to Duvessa's poison
             ... on level 4 of the Dungeon.
             The game lasted 00:09:30 (4539 turns).

drugrobin the Cutter (Demigod Delver)               Turns: 4539, Time: 00:09:31

Health: -4/44      AC:  8    Str: 13    XL:     5   Next: 31%
Magic:  1/7        EV: 11    Int: 12    God:
Gold:   161        SH:  4    Dex: 19    Spells: 4/4 levels left

rFire   . . .      SeeInvis .    a - +0 dagger (venom)
rCold   + . .      Faith    .    v - +0 buckler
rNeg    . . .      Spirit   +    s - +0 leather armour
rPois   .          Reflect  .    E - +2 hat
rElec   .          Harm     .    w - +2 cloak {Stlth+}
rCorr   .          Rampage  .    (no gloves)
Will    .....                    (no boots)
Stlth   ++........               C - amulet of guardian spirit
HPRegen 0.14/turn                A - ring of protection from cold
MPRegen 0.10/turn                (no ring)

@: lethally poisoned (-4 -> -39), lit by a corona, glowing
A: high MP 1, forlorn, divine attributes
a: no special abilities


You were on level 4 of the Dungeon.
You visited 1 branch of the dungeon, and saw 5 of its levels.
You also visited: Sewer.

You collected 161 gold pieces.

Inventory:

Hand Weapons
 a - a +0 dagger of venom (weapon)
 b - a +0 sling
 c - a +0 short sword
Missiles
 p - 2 poisoned darts (quivered)
 F - 2 boomerangs
Armour
 s - a +0 leather armour (worn)
 v - a +0 buckler (worn)
 w - a +2 cloak of stealth (worn)
 E - a +2 hat (worn)
Magical Staves
 m - a staff of conjuration
Jewellery
 i - the ring of the Several Servitors {*Slow rElec rC+ rN+ SInv}
   (You found it on level 5 of the Dungeon)

   [ring of see invisible]

   rC:        It protects you from cold.
   rElec:     It insulates you from electricity.
   rN:        It protects you from negative energy.
   SInv:      It lets you see invisible.
   *Slow:     It may slow you when you take damage.
 A - a ring of protection from cold (left hand)
 C - an amulet of guardian spirit (around neck)
Wands
 g - a wand of digging (1)
 q - a wand of acid (3)
 B - a wand of flame (22)
Scrolls
 d - a scroll of magic mapping
 e - a scroll of fear
 f - 3 scrolls of enchant weapon {unknown}
 j - a scroll of brand weapon {unknown}
 k - a scroll of teleportation {unknown}
 l - a scroll of acquirement {unknown}
 o - a scroll of noise {unknown}
 x - a scroll of fog
 y - a scroll of identify {unknown}
 z - a scroll of blinking {unknown}
 D - 2 scrolls of silence {unknown}
Potions
 h - a potion of magic {unknown}
 r - 2 potions of curing {unknown}
 t - a potion of might {unknown}
 u - 3 potions of heal wounds {unknown}
 G - 3 potions of flight {unknown}


   Skills:
 - Level 2.8 Fighting
 + Level 5.1 Short Blades
 - Level 2.0 Dodging
 - Level 4.6 Stealth


You had 4 spell levels left.
You didn't know any spells.
Your spell library contained the following spells:

 Spells                   Type           Power      Damage    Failure   Level
 Call Canine Familiar     Summ           0%         N/A       87%         3
 Portal Projectile        Hex/Tloc       0%         N/A       87%         3
 Leda's Liquefaction      Hex/Erth       0%         N/A       99%         4


Dungeon Overview and Level Annotations

Branches:
Dungeon (5/15)              Sewer (visited)
 Temple: D:4-7

Annotations:
D:2 Sigmund
D:4 Dowan, Duvessa


Innate Abilities, Weirdness & Mutations

You have an increased reservoir of magic. (+10% MP)
You shall have no god before yourself.
Your divine heritage dramatically boosts your attributes as you level up.


Message History

You hit Duvessa but do no damage.
Duvessa is poisoned.
Dowan barely misses you.
Duvessa hits you with a +1 short sword of venom!
You are poisoned.
Dowan hits you but does no damage.
Unknown command.
Unknown command.
Unknown command.
Unknown command.
Press: ? - help, v - describe, . - travel
Here: Duvessa, wielding a +1 short sword of venom and wearing a +0 ring mail (very poisoned)
An open door.
Unknown command.
Aiming: Corrosive Bolt
Press: ? - help, Shift-Dir - straight line, f - Duvessa
Aim: Duvessa, wielding a +1 short sword of venom and wearing a +0 ring mail (very poisoned, 79% to hit)
The bolt of acid hits Duvessa.
Duvessa is lightly wounded.
You feel very sick. Dowan hits you but does no damage.
Duvessa hits you with a +1 short sword of venom!
You are lethally poisoned!
Unknown command.
Aiming: Corrosive Bolt
Press: ? - help, Shift-Dir - straight line, f/p - Duvessa
Aim: Duvessa, wielding a +1 short sword of venom and wearing a +0 ring mail (lightly wounded, very poisoned, 79% to hit)
The bolt of acid misses Duvessa.
You feel extremely sick.
Dowan hits you with a +0 dagger of speed.
* * * LOW HITPOINT WARNING * * *
Duvessa hits you with a +1 short sword of venom!
* * * LOW HITPOINT WARNING * * *
You are more poisoned.
Dowan hits you but does no damage.
Unknown command.
Unknown command.
Unknown command.
Unknown command.
As you read the scroll of fear, it crumbles to dust.
You assume a fearsome visage.
Duvessa looks frightened!
Dowan looks frightened!
You die...

#.......# #..... #.......#
#..... ##. #.......# #.....
...########.......######.....
..........................##
#...................†....#.
#........................#.
####........##e####.........+.
............#@....#.........##
.....e......e.....###+##......
............#..........#......
............#..........#......
............########...#......
#+########### #...# #...#
#####


You could see Duvessa (fleeing, very poisoned) and Dowan (fleeing, very
poisoned).

Vanquished Creatures
  Blork the orc (D:4)
  Crazy Yiuf (D:3)
  Robin (D:1)
  2 adders
  A river rat (D:5)
  2 worms (D:2)
  8 orcs (D:3)
  4 ball pythons
  3 bats
  An endoplasm (D:2)
  4 giant cockroaches
  13 goblins
  7 hobgoblins
  3 jackals (D:1)
  2 quokkas (D:1)
  2 frilled lizards
  3 kobolds
  5 rats
63 creatures vanquished.

Notes
Turn   | Place    | Note
-------+----------+-------------------------------------------
     0 | D:5      | drugrobin the Demigod Delver began the quest for the Orb.
     0 | D:5      | Reached XP level 1. HP: 18/18 MP: 3/3
    38 | D:5      | Identified the ring of the Several Servitors {*Slow rElec
                  | rC+ rN+ SInv}
    46 | D:5      | Noticed an iguana
    59 | D:5      | Found a glowing drain.
    79 | D:5      | Reached skill level 2 in Short Blades
    81 | Sewer    | Entered a sewer
   363 | Sewer    | Reached XP level 2. HP: 25/25 MP: 4/4
   425 | Sewer    | Noticed Pargi
  1220 | D:2      | Noticed Sigmund
  1649 | D:1      | Reached XP level 3. HP: 30/30 MP: 5/5
  1816 | D:1      | Reached skill level 3 in Short Blades
  2419 | D:2      | Noticed Robin
  2699 | D:1      | Killed Robin
  3323 | D:3      | Found a runed translucent door.
  3324 | D:3      | Noticed Crazy Yiuf
  3527 | D:3      | Reached XP level 4. HP: 36/37 MP: 6/6
  3645 | D:3      | Reached skill level 4 in Short Blades
  4212 | D:3      | Killed Crazy Yiuf
  4412 | D:4      | Noticed a lemure
  4425 | D:4      | Noticed a lemure
  4465 | D:4      | Noticed Blork the orc
  4472 | D:4      | Killed Blork the orc
  4473 | D:4      | Reached skill level 5 in Short Blades
  4473 | D:4      | Reached XP level 5. HP: 44/44 MP: 7/7
  4518 | D:4      | Noticed Dowan
  4520 | D:4      | Noticed Duvessa
  4539 | D:4      | Succumbed to Duvessa's poison

Illustrated notes

Levels and vault maps discovered:
D:1:      mrwooster_arrival_statue_3, layout_basic,
          chequers_serial_rivers_large_a
D:2:      layout_basic, ebering_ecumenical_altar_box, uniq_sigmund, uniq_robin
D:3:      layout_basic, nicolae_wu_jian_immortal_techniques,
          mainiacjoe_overflow_six_doors_small, minmay_misc_feat_columns,
          uniq_crazy_yiuf_cottage
D:4:      layout_gridville, mainiacjoe_overflow_small_starburst, uniq_duvessa,
          uniq_ijyb, uniq_blork_the_orc, uniq_pikel
D:5:      layout_cave_pools, xom_teletrap_fun, nicolae_ru_the_path_less_chosen,
          serial_column_ruins, column_ruins_hut_ruined,
          column_ruins_courtyard_long, column_ruins_grid_1,
          column_ruins_columns_straight, column_ruins_open_tiny,
          column_ruins_grid_3, column_ruins_grid_1, gup_sewer_entry_bubbles,
          uniq_edmund

Skill      XL: |  1  2  3  4 |
---------------+-------------+-----
Short Blades   | 2 3 5 |  5.1
Dodging        | 2 |  2.0
Fighting       | |  2.8
Stealth        | |  4.6

Action                   |  1- 3 |  4- 6 || total
-------------------------+-------+-------++-------
Melee: Short sword       |   140 |       ||   140
       Punch             |     2 |       ||     2
       Dagger            |    27 |    43 ||    70
 Fire: Sling             |     1 |       ||     1
Throw: Stone             |     4 |       ||     4
       Dart              |     6 |     3 ||     9
Evoke: Wand              |     3 |     5 ||     8
  Use: Potion            |     2 |       ||     2
       Scroll            |     1 |     1 ||     2
 Stab: Sleeping          |     6 |     2 ||     8
Armor: Leather armour    |    28 |    15 ||    43
       Ring mail         |    21 |       ||    21
Dodge: Dodged            |   105 |    13 ||   118
Block: Buckler           |    16 |     8 ||    24

Table legend: (Time is in decaauts)
 A = Elapsed time spent in this place.
 B = Non-inter-level travel time spent in this place.
 C = Inter-level travel time spent in this place.
 D = Time resting spent in this place.
 E = Time spent auto-exploring this place.
 F = Levels seen in this place.
 G = Mean time per level.
                   A        B        C        D        E       F      G
               +--------+--------+--------+--------+--------+-----+--------+
         Total |   4549 |   4473 |     76 |   1116 |   2195 |   6 |  758.2 |
       Dungeon |   4180 |   4104 |     76 |    858 |   2142 |   5 |  836.0 |
         Sewer |    368 |    368 |      0 |    258 |     53 |   1 |  368.0 |
               +--------+--------+--------+--------+--------+-----+--------+

Top non-repeatable levels by time:
     D:3: 1888 daAuts
     D:1: 1334 daAuts
     D:2: 723 daAuts
   Sewer: 368 daAuts
     D:4: 146 daAuts
     D:5: 87 daAuts
